 Dungeon Crawl Stone Soup version 0.20-a0-1124-g2e29d97 (webtiles) character file.

60 MydosGodOfBeginnings the Cudgeler (level 3, -1/29 HPs)
             Began as a Mummy Fighter on May 15, 2017.
             Slain by a gnoll (3 damage)
             ... on level 1 of the Dungeon.
             The game lasted 00:04:24 (1665 turns).

MydosGodOfBeginnings the Cudgeler (Mummy Fighter)   Turns: 1665, Time: 00:04:25

Health: -1/29      AC:  8    Str: 20    XL:     3   Next: 80%
Magic:  12/12      EV:  7    Int:  7    God:
Gold:   79         SH:  8    Dex: 11    Spells: 2/2 levels left

rFire    x . .     SeeInvis .   a - +0 flail
rCold    + . .     Gourm    .   c - +0 shield
rNeg     + + +     Faith    .   b - +0 scale mail
rPois    ∞         Spirit   .   (no helmet)
rElec    .         Reflect  .   (no cloak)
rCorr    .         Harm     .   m - +0 pair of gloves
MR       .....                  n - +0 pair of boots
Stlth    ..........             (no amulet)
Regen    0.1/turn               h - ring of magical power
MPRegen  0.2/turn               (no ring)

@: no status effects
A: no food or potions, fire vulnerability, cold resistance 1, negative energy
resistance 3, torment resistance, unbreathing
a: no special abilities


You were on level 1 of the Dungeon.
You were not hungry.

You visited 1 branch of the dungeon, and saw 2 of its levels.

You collected 79 gold pieces.

Inventory:

Hand Weapons
 a - a +0 flail (weapon)
Armour
 b - a +0 scale mail (worn)
 c - a +0 shield (worn)
 m - a +0 pair of gloves (worn)
 n - a +0 pair of boots (worn)
Jewellery
 h - a ring of magical power (left hand)
Scrolls
 d - a scroll of fog {unknown}
 e - 2 scrolls of enchant armour {unknown}
 f - a scroll of magic mapping {unknown}
 g - a scroll of amnesia {unknown}
 i - 2 scrolls of teleportation {unknown}
 j - a scroll of identify {unknown}
 k - a scroll of enchant weapon {unknown}
 l - a scroll of remove curse {unknown}


   Skills:
 - Level 3.0 Fighting
 + Level 3.4 Maces & Flails
 - Level 2.4 Armour
 - Level 2.4 Shields


You had 2 spell levels left.
You didn't know any spells.

Dungeon Overview and Level Annotations

Branches:
Dungeon (2/15)

Altars:


Innate Abilities, Weirdness & Mutations

You do not eat or drink.
Your flesh is vulnerable to fire.
You are immune to poison.
Your flesh is cold resistant. (rC+)
You are immune to negative energy. (rN+++)
You are immune to unholy pain and torment.
You can survive without breathing.


Message History

You are too injured to fight recklessly!
The gnoll closely misses you.
There is an open door here.
You barely miss the gnoll. The gnoll hits you. x2
* * * LOW HITPOINT WARNING * * *
You hit the gnoll but do no damage. You block the gnoll's attack.
You hit the gnoll.
The gnoll is lightly wounded.
The gnoll hits you.
* * * LOW HITPOINT WARNING * * *
You sock the gnoll!
The gnoll is severely wounded.
The gnoll hits you.
* * * LOW HITPOINT WARNING * * *
There is an open door here.
There is an open door here.
You hit the gnoll.
The gnoll is almost dead.
The gnoll hits you.
You die...

######### ........# ###########
........# #.........# ........#
##### #.........# ........# #...#
#.........# ..(.....# #...#
#...(.....#
........####...###.........######
........'..'..gg@'.........'.....
........####...###.........####..
######>....(..().................
#.........##################...#
#.........# #..........#
#.........# #..........#
#.........# #...........
#.........# #...........
#.........# #...........


You could see 2 gnolls.

Vanquished Creatures
  An adder (D:2)
  An ooze (D:1)
  2 worms
  3 leopard geckos
  3 bats (D:1)
  3 giant cockroaches
  4 goblins
  4 hobgoblins
  2 jackals (D:1)
  A ball python (D:1)
  A frilled lizard (D:2)
  7 kobolds
  7 rats
39 creatures vanquished.

Notes
Turn   | Place    | Note
-------+----------+-------------------------------------------
     0 | D:1      | MydosGodOfBeginnings the Mummy Fighter began the quest for the Orb.
     0 | D:1      | Reached XP level 1. HP: 18/18 MP: 1/1
   381 | D:1      | Reached XP level 2. HP: 24/24 MP: 2/2
   644 | D:1      | Reached XP level 3. HP: 29/29 MP: 3/3
  1657 | D:1      | HP: 1/29 [gnoll (2)]
  1665 | D:1      | Slain by a gnoll

Vault maps used:
D:1:      dpeg_arrival_brainrot
D:2:      first_bread

Skill      XL: |  1  2  3 |
---------------+----------+-----
Maces & Flails | 2 3 |  3.4
Fighting       | |  3.0
Armour         | |  2.4
Shields        | |  2.4

Action                   || total
-------------------------++-------
Melee: Flail             ||   138
Armor: Scale mail        ||    88
Dodge: Dodged            ||    58
Block: Shield            ||   102
